 Dungeon Crawl Stone Soup version 0.30-a0-743-gbfdf073431 (webtiles) character file.

Game seed: 11752790688263849879

365 jimonade the Magician (level 7, -5/45 HPs)
             Began as a Djinni Fire Elementalist on Feb 6, 2023.
             Killed by an exploding orc wizard (13 damage)
             ... ignited by their inner flame
             ... on level 3 of the Dungeon.
             The game lasted 00:04:52 (3193 turns).

jimonade the Magician (Djinni Fire Elementalist)    Turns: 3193, Time: 00:04:53

Health: -5/45      AC:  4    Str:  9    XL:     7   Next: 0%
Gold:   114        EV: 13    Int: 17    God:
                   SH:  5    Dex: 19

rFire   + + .      SeeInvis .    a - +4 quarterstaff (chaos)
rCold   x . .      Faith    .    (shield currently unavailable)
rNeg    . . .      Spirit   .    t - +0 robe
rPois   ∞          Reflect  +    h - +1 hat
rElec   .          Harm     .    u - +0 cloak {Will+}
rCorr   .          Rampage  .    (no gloves)
Will    +....                    (boots unavailable)
Stlth   ++                       x - amulet of reflection
HPRegen 0.27/turn                y - +6 ring of dexterity
MPRegen 0.00/turn                (no ring)

@: flying
A: sickness immunity, fire resistance 2, cold vulnerability 1, float, innate
caster, HP casting, extra vitality 1
a: no special abilities


You were on level 3 of the Dungeon.
You visited 1 branch of the dungeon, and saw 3 of its levels.

You collected 114 gold pieces.

Inventory:

Hand Weapons
 a - a +4 quarterstaff of chaos (weapon)
Missiles
 c - 5 poisoned darts
 d - 3 curare-tipped darts
 e - 3 atropa-tipped darts
Armour
 h - a +1 hat (worn)
 j - a +0 leather armour
 k - a +0 chain mail
 t - a +0 robe (worn)
 u - a +0 cloak of willpower (worn)
 w - +0 ice dragon scales
Jewellery
 x - an amulet of reflection (around neck)
 y - a +6 ring of dexterity (left hand)
Wands
 r - a wand of polymorph (10)
Scrolls
 g - a scroll of magic mapping {unknown}
 i - 3 scrolls of identify {unknown}
 n - a scroll of noise {unknown}
 o - a scroll of poison {unknown}
 p - a scroll of enchant weapon {unknown}
 s - a scroll of vulnerability {unknown}
 A - a scroll of teleportation {unknown}
Potions
 b - a potion of magic
 f - a potion of berserk rage {unknown}
 l - a potion of curing {unknown}
 m - 3 potions of attraction {unknown}
 q - 3 potions of ambrosia {unknown}
 v - a potion of resistance {unknown}
 z - a potion of heal wounds {unknown}


   Skills:
 + Level 2.4 Dodging
 - Level 1.5 Stealth
 * Level 5.5 Spellcasting


You couldn't memorise any spells.
You knew the following spells:

 Your Spells              Type           Power      Damage    Failure   Level
a - Foxfire               Conj/Fire      92%        2x1d8     1%          1
b - Scorch                Fire           46%        2d7       1%          2
c - Kindle Blastsparks    Fire/Tloc/Air  46%        2d13      4%          3
d - Inner Flame           Hex/Fire       23%        N/A       4%          3
e - Flame Wave            Conj/Fire      23%        2d8       14%         4
f - Summon Small Mammal   Summ           92%        N/A       1%          1
g - Poisonous Vapours     Pois/Air       46%        N/A       1%          2
h - Confusing Touch       Hex            23%        N/A       4%          3
Your spell library was empty.

Dungeon Overview and Level Annotations

Branches:
Dungeon (3/15)

Altars:
Nemelex Xobeh

Shops:
D:1 [


Innate Abilities, Weirdness & Mutations

You are immune to sickness and miasma.
You are immune to poison.
Your flesh is very heat resistant. (rF++)
You are vulnerable to cold. (rC-)
You float through the air rather than walking.
You learn spells naturally, not from books.
Your magical power is your life essence.
You have superior vitality. (+4 MHP)


Message History

Casting: Scorch (safe; 1% risk of failure)
Confirm with . or Enter, or press ? or * to list all spells.
Flames lash the orc.
You kill the orc!
You have reached level 7!
The power to cast Confusing Touch wells up from within.
Spell assigned to 'h'.
Casting: Scorch (safe; 1% risk of failure)
Confirm with . or Enter, or press ? or * to list all spells.
Aiming: Inner Flame (dangerous; 4% risk of failure)
Press: ? - help, Dir - move target, f - orc wizard
Aim: an orc wizard, wielding a +0 dagger and wearing a +0 robe (heavily wounded, more vulnerable to fire, chance to affect: 78%)
The orc wizard is filled with an inner flame.
The orc wizard gestures at you while chanting.
The puff of flame hits you. You resist.
Casting: Inner Flame (dangerous; 4% risk of failure)
Confirm with . or Enter, or press ? or * to list all spells.
Flames lash the orc wizard but do no damage.
* * * LOW HITPOINT WARNING * * *
Casting: Scorch (safe; 1% risk of failure)
Confirm with . or Enter, or press ? or * to list all spells.
Flames lash the orc.
You kill the orc!
* * * LOW HITPOINT WARNING * * *
The orc wizard is no longer more vulnerable to fire.
The orc wizard gestures at you while chanting.
The puff of flame hits you. You resist.
* * * LOW HITPOINT WARNING * * *
Casting: Scorch (safe; 1% risk of failure)
Confirm with . or Enter, or press ? or * to list all spells.
Flames lash the orc wizard.
Flame seeps out of the orc wizard.
The orc wizard is almost dead.
The orc wizard's fire resistance burns away.
* * * LOW HITPOINT WARNING * * *
The orc wizard is engulfed in blazing flames.
The orc wizard explodes!
The fiery explosion engulfs the orc priest!!
You kill the orc priest!
The fiery explosion engulfs you! You resist.
You die...

###'## ##......###.
#....### ##⌠._.......
#....'.####........##.
#....#.†..#...⌠..#####
#....####...######
#....# #..## #....#
#..# ################>#
#.......o§○@...#.######
#.#...########.#.#....#
#...# #.#.#.##.# #..o#
#.#.#.##.# #..o#
######.#.#.<#.######
#...#
#......#.#..#.#<.[..
?...o#
#.######.#..#.######
#####.# #...# #.#).#.#
#.# ###.# #†#..#.#


You could see an orc priest (inner flame).

Vanquished Creatures
  Sigmund (D:2)
  An orc priest (D:3)
  Crazy Yiuf (D:2)
  Terence (D:2)
  Natasha (thrice) (D:2)
  An orc wizard (D:3)
  2 adders (D:2)
  A worm (D:3)
  3 dart slugs
  5 orcs (D:3)
  6 bats
  9 endoplasms
  A hobgoblin (D:1)
  7 kobolds
  4 quokkas
  5 ball pythons
  3 frilled lizards
  5 goblins
  3 rats
62 creatures vanquished.

Vanquished Creatures (others)
  65 foxfires
65 creatures vanquished.

Grand Total: 127 creatures vanquished

Notes
Turn   | Place    | Note
-------+----------+-------------------------------------------
     0 | D:1      | jimonade the Djinni Fire Elementalist began the quest for
                  | the Orb.
     0 | D:1      | jimonade set off with the following spells memorised:
                  | Foxfire, Scorch, Kindle Blastsparks, Inner Flame, Flame
                  | Wave.
     0 | D:1      | Reached XP level 1. HP: 15/15 MP: 0/0
   125 | D:1      | Reached XP level 2. HP: 18/21 MP: 0/0
   158 | D:1      | Found Fisutoy's Armour Boutique.
   386 | D:1      | Reached skill level 3 in Spellcasting
   827 | D:1      | Reached XP level 3. HP: 23/25 MP: 0/0
   827 | D:1      | Learned a level 1 spell: Summon Small Mammal
  1541 | D:2      | Reached XP level 4. HP: 22/31 MP: 0/0
  1658 | D:2      | Noticed Natasha
  1661 | D:2      | Killed Natasha
  1661 | D:2      | Noticed Sigmund
  1679 | D:2      | Killed Sigmund
  1680 | D:2      | Reached skill level 5 in Spellcasting
  1680 | D:2      | Reached XP level 5. HP: 20/35 MP: 0/0
  1680 | D:2      | Learned a level 2 spell: Poisonous Vapours
  1680 | D:2      | Reached XP level 6. HP: 23/40 MP: 0/0
  1723 | D:2      | Noticed Natasha
  1729 | D:2      | Killed Natasha
  1823 | D:2      | Noticed Natasha
  1833 | D:2      | Killed Natasha
  2161 | D:2      | Noticed Terence
  2166 | D:2      | Killed Terence
  2339 | D:2      | Found a runed translucent door.
  2340 | D:2      | Noticed Crazy Yiuf
  2509 | D:2      | Killed Crazy Yiuf
  2863 | D:3      | Found a sparkling altar of Nemelex Xobeh.
  3017 | D:3      | Found a faded altar of an unknown god.
  3188 | D:3      | Reached XP level 7. HP: 19/45 MP: 0/0
  3188 | D:3      | Learned a level 3 spell: Confusing Touch
  3193 | D:3      | Killed by an exploding orc wizard... ignited by their inner
                  | flame

Illustrated notes

Levels and vault maps discovered:
D:1:      minmay_arrival_hallway, layout_loops_cross, serial_shops, shop,
          serial_co_window_serial, co_window_corner_a, co_window_paths_a,
          co_window_of_opportunity_a, co_window_of_opportunity_a,
          co_window_cross_1, co_window_corner_a, co_window_paths_a,
          co_window_of_opportunity_a, co_window_paths_a, co_window_corner_b,
          co_window_of_opportunity_c, co_window_of_opportunity_b,
          co_window_broadway_a, co_window_paths_c, co_window_2corner,
          co_window_paths_e
D:2:      layout_loops_ring, serial_bayou_pond_d, uniq_terence, uniq_sigmund,
          uniq_natasha, uniq_crazy_yiuf_cottage
D:3:      layout_basic, nemelex_diamond_rough_becter,
          hellmonk_ecumenical_altar_run_dry

Skill      XL: |  1  2  3  4 |
---------------+-------------+-----
Spellcasting   | 3 5 |  5.5
Dodging        | |  2.4
Stealth        | |  1.5

Action                     |  1- 3 |  4- 6 |  7- 9 || total
---------------------------+-------+-------+-------++-------
   Cast: Foxfire           |    25 |    15 |       ||    40
         Scorch            |    23 |    41 |     3 ||    67
         Inner Flame       |       |     3 |     1 ||     4
         Poisonous Vapours |       |     3 |       ||     3
 Armour: Robe              |     1 |     1 |       ||     2
  Dodge: Dodged            |     1 |     4 |       ||     5

Table legend: (Time is in decaauts)
 A = Elapsed time spent in this place.
 B = Non-inter-level travel time spent in this place.
 C = Inter-level travel time spent in this place.
 D = Time resting spent in this place.
 E = Time spent auto-exploring this place.
 F = Levels seen in this place.
 G = Mean time per level.
                   A        B        C        D        E       F      G
               +--------+--------+--------+--------+--------+-----+--------+
         Total |   3191 |   2949 |    242 |     27 |   2525 |   3 | 1063.7 |
       Dungeon |   3191 |   2949 |    242 |     27 |   2525 |   3 | 1063.7 |
               +--------+--------+--------+--------+--------+-----+--------+

Top non-repeatable levels by time:
     D:1: 1356 daAuts
     D:2: 1288 daAuts
     D:3: 546 daAuts
